 Dungeon Crawl Stone Soup version 0.29.1-15-g9cfb28693d (webtiles) character file.

Game seed: 6435616272846488680

158 hawla the Firebug (level 6, -3/45 HPs)
             Began as a Meteoran Fire Elementalist on Apr 29, 2023.
             Slain by a steam dragon (10 damage)
             ... on level 4 of the Dungeon.
             The game lasted 00:04:06 (348 turns).

hawla the Firebug (Meteoran Fire Elementalist)       Turns: 348, Time: 00:04:07

Health: -3/45      AC:  4    Str: 10    XL:     6   Next: 0%
Magic:  5/13       EV: 13    Int: 19    God:
Gold:   47         SH:  0    Dex: 14    Spells: 10/13 levels left

rFire   . . .      SeeInvis .   (no weapon)
rCold   . . .      Faith    .   (no shield)
rNeg    . . .      Spirit   .   a - +1 robe
rPois   .          Reflect  .   e - +0 helmet
rElec   .          Harm     .   (no cloak)
rCorr   .          Rampage  .   (no gloves)
Will    .....                   (no boots)
Stlth   +.........              (no amulet)
HPRegen 0.15/turn               (no ring)
MPRegen 0.13/turn               (no ring)

@: attractive, glowing
A: sense surroundings 1, otherworldly, glowing, explore regen
a: no special abilities


You were on level 4 of the Dungeon.
You visited 1 branch of the dungeon, and saw 4 of its levels.

You collected 47 gold pieces.

Inventory:

Armour
 a - a +1 robe (worn)
 e - a +0 helmet (worn)
Potions
 f - a potion of haste {unknown}
 i - a potion of might {unknown}


   Skills:
 + Level 0.3 Fighting
 + Level 3.0 Dodging
 - Level 1.4 Stealth
 + Level 4.1 Spellcasting
 + Level 2.6 Conjurations
 + Level 5.5 Fire Magic


You had 10 spell levels left.
You knew the following spells:

 Your Spells              Type           Power      Damage    Failure   Level
a - Foxfire               Conj/Fire      76%        2x1d7     2%          1
b - Scorch                Fire           48%        2d7       2%          2

Your spell library contained the following spells:

 Spells                   Type           Power      Damage    Failure   Level
 Conjure Flame            Conj/Fire      19%        6-21      8%          3
 Inner Flame              Hex/Fire       14%        N/A       13%         3
 Flame Wave               Conj/Fire      19%        2d7       26%         4
 Leda's Liquefaction      Hex/Erth       1%         N/A       80%         4
 Lee's Rapid Deconstruct  Erth           1%         3d5*      98%         5
 Statue Form              Tmut/Erth      2%         N/A       100%        6


Dungeon Overview and Level Annotations

Branches:
Dungeon (4/15) Zot: 2051
 Temple: D:4-7

Altars:
Okawaru

Shops:
D:2 !


Innate Abilities, Weirdness & Mutations

You passively map a small area around you.
You are easily found by Zot.
You glow in the dark.
You regain HP and MP as you explore.


Message History

A phantom comes into view.
Casting: Foxfire (safe; 2% risk of failure)
Confirm with . or Enter, or press ? or * to list all spells.
Flames lash the orc wizard.
The orc wizard is almost dead.
The orc wizard's fire resistance burns away.
The orc wizard hits you with a +0 dagger.
Unknown command.
Casting: Scorch (safe; 2% risk of failure)
Confirm with . or Enter, or press ? or * to list all spells.
Flames lash the steam dragon.
The steam dragon is lightly wounded.
The steam dragon's fire resistance burns away.
The orc wizard hits you with a +0 dagger.
Unknown command.
Casting: Scorch (safe; 2% risk of failure)
Confirm with . or Enter, or press ? or * to list all spells.
You conjure some foxfire!
The orc wizard hits you but does no damage.
An endoplasm comes into view.
The steam dragon bites you. The steam dragon barely misses you.
Casting: Foxfire (safe; 2% risk of failure)
Confirm with . or Enter, or press ? or * to list all spells.
Flames lash the orc wizard but do no damage.
The foxfire hits the orc wizard.
The orc wizard is burned terribly!
You kill the orc wizard!
The foxfire hits the steam dragon.
The steam dragon is burned terribly!
The steam dragon is lightly wounded.
The steam dragon bites you!
* * * LOW HITPOINT WARNING * * *
The steam dragon claws you.
* * * LOW HITPOINT WARNING * * *
Your Spellcasting skill increases to level 4!
You have reached level 6!
You feel stronger.
It was a potion of attraction.
You feel attractive to monsters.
The steam dragon is no longer more vulnerable to fire.
The steam dragon bites you!
You die...

, ..##..## ###.... * ,
.......#####......*
,.........#....... *
,, #...........##* # ,
, #............####. ,
, #.##.##.###..#.... ,
, *##....##.##........
,
#.ยงยง.##......##....
#.@#####.....####.. *
, #DW.# #.##....##<..
*
,*#....#........##)..
,.).).......#...[###..
, ...........###..#.#
##. .......###J#
.....# . , ,
.......#*#.. ..##.. *.
..#.#..# #. , , . ,
..####.* .. .


You could see a steam dragon, a phantom and an endoplasm.

Vanquished Creatures
  An orc priest (D:4)
  2 orc wizards (D:4)
  3 gnolls (D:3)
  3 adders
  2 orcs (D:3)
  An endoplasm (D:3)
  A giant cockroach (D:3)
  3 goblins (D:3)
  A hobgoblin (D:3)
  4 kobolds
  A quokka (D:3)
  2 bats (D:3)
  A frilled lizard (D:3)
  2 rats
27 creatures vanquished.

Vanquished Creatures (others)
  82 foxfires
82 creatures vanquished.

Grand Total: 109 creatures vanquished

Notes
Turn   | Place    | Note
-------+----------+-------------------------------------------
     0 | D:1      | hawla the Meteoran Fire Elementalist began the quest for
                  | the Orb.
     0 | D:1      | Reached XP level 1. HP: 14/14 MP: 5/5
     5 | D:2      | Found Qishuy's Distillery.
     9 | D:2      | Reached skill level 4 in Fire Magic
     9 | D:2      | Reached XP level 2. HP: 13/20 MP: 3/6
    86 | D:3      | Reached XP level 3. HP: 26/26 MP: 4/8
   100 | D:3      | Learned a level 2 spell: Scorch
   137 | D:3      | Reached XP level 4. HP: 24/33 MP: 2/9
   157 | D:3      | Reached skill level 5 in Fire Magic
   270 | D:3      | Found an iron altar of Okawaru.
   332 | D:4      | Reached XP level 5. HP: 38/38 MP: 8/11
   337 | D:4      | Noticed a steam dragon
   343 | D:4      | Noticed a phantom
   348 | D:4      | Reached XP level 6. HP: 7/45 MP: 5/13
   348 | D:4      | Slain by a steam dragon

Illustrated notes

Levels and vault maps discovered:
D:1:      shiori_arrival_maze, layout_rooms,
          hellmonk_ecumenical_altar_prayer_group, serial_corexii_hall,
          corexii_hall_statues_l, chequers_hall_statues_y
D:2:      layout_basic, serial_shops, nicolae_shop_stone
D:3:      layout_rooms, kennysheep_okawaru_gauntlet,
          worldfamousw_hep_ancestral_shrine, kennysheep_generic_room_7
D:4:      layout_cave_pools, mainiacjoe_overflow_swirl,
          minmay_temple_entry_hall, uniq_pargi

Skill      XL: |  1  2  3  4  5 |
---------------+----------------+-----
Fire Magic     | 4 5 |  5.5
Spellcasting   | 3 4 |  4.1
Dodging        | 3 |  3.0
Conjurations   | 2 |  2.6
Fighting       | |  0.3
Stealth        | |  1.4

Action                   |  1- 3 |  4- 6 || total
-------------------------+-------+-------++-------
Melee: Unarmed           |     5 |     2 ||     7
 Cast: Foxfire           |    16 |    33 ||    49
       Scorch            |       |     5 ||     5
  Use: Scroll            |     1 |     2 ||     3
       Potion            |       |     2 ||     2
Armor: Robe              |     4 |     1 ||     5
Dodge: Dodged            |     4 |     2 ||     6
